 Dungeon Crawl Stone Soup version 0.24.1-1-gd1d2a07e1b (webtiles) character file.

Game seed: 1961191773877136539, levelgen mode: deterministic

929 Curus the Basher (level 7, 0/57 HPs)
             Began as a Minotaur Fighter on Apr 10, 2020.
             Was a Believer of Makhleb.
             Slain by a killer bee (4 damage)
             ... on level 5 of the Dungeon.
             The game lasted 00:20:51 (3988 turns).

Curus the Basher (Minotaur Fighter)                 Turns: 3988, Time: 00:20:51

Health: 0/57       AC: 15    Str: 21    XL:     7   Next: 85%
Magic:  6/6        EV:  3    Int: 10    God:    Makhleb [**....]
Gold:   276        SH:  9    Dex:  9    Spells: 6/6 levels left

rFire    . . .     SeeInvis .   j - +0 morningstar
rCold    . . .     Gourm    .   c - +0 shield
rNeg     + . .     Faith    .   l - +2 plate armour
rPois    .         Spirit   .   (helmet restricted)
rElec    .         Reflect  .   (no cloak)
rCorr    .         Harm     .   k - +1 pair of gloves {archery}
MR       .....                  (no boots)
Stlth    ..........             (no amulet)
HPRegen  0.19/turn              e - ring of positive energy
MPRegen  0.10/turn              d - +3 ring of intelligence

@: lethally poisoned (0 -> -8)
A: retaliatory headbutt, horns 2
a: Minor Destruction, Renounce Religion


You were on level 5 of the Dungeon.
You worshipped Makhleb.
Makhleb was pleased with you.
You were not hungry.

You visited 1 branch of the dungeon, and saw 5 of its levels.

You collected 276 gold pieces.

Inventory:

Hand Weapons
 a - a +1 flail
 j - a +0 morningstar (weapon)
Armour
 b - a +0 scale mail
 c - a +0 shield (worn)
 k - a +1 pair of gloves of archery (worn)
 l - a +2 plate armour (worn)
Jewellery
 d - a +3 ring of intelligence (right hand)
 e - a ring of positive energy (left hand)
 g - an uncursed ring of teleportation
Scrolls
 h - 2 scrolls of remove curse
 m - 2 scrolls of amnesia
 n - a scroll of identify
Comestibles
 f - 2 rations
 i - 4 chunks of flesh


   Skills:
 - Level 3.6 Fighting
 + Level 10.9 Maces & Flails
 - Level 3.6 Armour
 - Level 3.6 Shields


You had 6 spell levels left.
You didn't know any spells.
Your spell library contained the following spells:

 Spells                   Type           Power        Failure   Level  Hunger
 Confusing Touch          Hex            #.....       100%        1    ##.....
 Confuse                  Hex            #.......     100%        3    ####...
 Gell's Gravitas          Tloc           #.........   100%        3    ####...
 Petrify                  Tmut/Erth      #.......     100%        4    #####..
 Metabolic Englaciation   Hex/Ice        #.........   100%        5    ######.
 Yara's Violent Unravell  Hex/Tmut       #.........   100%        5    ######.


Dungeon Overview and Level Annotations

Branches:
Dungeon (5/15)             Temple (0/1) D:5

Altars:
Dithmenos
Elyvilon
Gozag
Makhleb
Okawaru
Qazlal
Sif Muna
Uskayaw
Vehumet
Wu Jian
Xom
Zin


Innate Abilities, Weirdness & Mutations

You reflexively headbutt those who attack you in melee.
You have a pair of horns on your head.


Message History

You miss the killer bee.
* * * LOW HITPOINT WARNING * * *
You feel sick. The killer bee stings you.
* * * LOW HITPOINT WARNING * * *
You block the killer bee's attack.
The killer bee stings you but does no damage.
You block the killer bee's attack.
You closely miss the killer bee. Your headbutt misses the killer bee.
* * * LOW HITPOINT WARNING * * *
You feel sick.
The killer bee stings you but does no damage. x2
The killer bee stings you.
* * * LOW HITPOINT WARNING * * *
You block the killer bee's attack.
You closely miss the killer bee.
* * * LOW HITPOINT WARNING * * *
You feel sick.
The killer bee stings you but does no damage. x2
The killer bee stings you.
You die...

#.......##..........
#.......#..#........
##.....#..#.........
##......##.........
##....##..........
#....##..........
#...##...........
##y.###...........
#@y## ##..........
#### #..........
##.<.......
#......... #....?...


You could see 2 killer bees.

Vanquished Creatures
  Sigmund (D:3)
  A phantom (D:3)
  An ice beast (D:2)
  A necrophage (D:5)
  2 killer bees (D:5)
  A hound (D:5)
  An orc priest (D:3)
  An orc wizard (D:3)
  An iguana (D:4)
  2 worker ants
  A hound zombie (D:5)
  A hound skeleton (D:4)
  7 adders
  4 shadow imps
  2 worms (D:4)
  2 dart slugs (D:2)
  4 leopard geckos
  26 orcs
  3 bats (D:2)
  6 giant cockroaches
  8 goblins
  10 hobgoblins
  5 jackals
  3 quokkas
  8 frilled lizards
  9 kobolds
  A leopard gecko skeleton (D:5)
  6 rats
118 creatures vanquished.

Notes
Turn   | Place    | Note
-------+----------+-------------------------------------------
     0 | D:1      | Curus the Minotaur Fighter began the quest for the Orb.
     0 | D:1      | Reached XP level 1. HP: 19/19 MP: 0/0
    57 | D:1      | Reached skill level 3 in Maces & Flails
   164 | D:1      | Reached XP level 2. HP: 26/26 MP: 1/1
   667 | D:2      | Reached skill level 4 in Maces & Flails
   761 | D:2      | Found a shimmering altar of Xom.
   761 | D:2      | Found a burning altar of Makhleb.
   787 | D:2      | Became a worshipper of Makhleb the Destroyer
   934 | D:2      | Reached XP level 3. HP: 31/31 MP: 2/2
  1044 | D:2      | Noticed an ice beast
  1053 | D:2      | Killed an ice beast
  1053 | D:2      | Reached skill level 6 in Maces & Flails
  1053 | D:2      | Reached XP level 4. HP: 39/39 MP: 3/3
  1200 | D:2      | Reached XP level 5. HP: 45/45 MP: 4/4
  1250 | D:2      | Found a glowing silver altar of Zin.
  1659 | D:3      | Reached * piety under Makhleb
  1734 | D:3      | Noticed Sigmund
  1750 | D:3      | Killed Sigmund
  1750 | D:3      | Reached skill level 8 in Maces & Flails
  1750 | D:3      | Reached XP level 6. HP: 24/51 MP: 5/5
  2029 | D:3      | Found a shimmering blue altar of Sif Muna.
  2034 | D:3      | Found an ornate altar of the Wu Jian Council.
  2037 | D:3      | Found a radiant altar of Vehumet.
  2056 | D:3      | Found a hide-covered altar of Uskayaw.
  2433 | D:3      | Reached skill level 9 in Maces & Flails
  2433 | D:3      | Reached XP level 7. HP: 39/57 MP: 6/6
  2542 | D:4      | Found a white marble altar of Elyvilon.
  2871 | D:4      | Found a stormy altar of Qazlal.
  2914 | D:4      | Found an opulent altar of Gozag.
  2919 | D:4      | Reached ** piety under Makhleb
  3136 | D:4      | Found a shadowy altar of Dithmenos.
  3208 | D:5      | Entered Level 5 of the Dungeon
  3327 | D:5      | Found a staircase to the Ecumenical Temple.
  3338 | D:5      | Found an iron altar of Okawaru.
  3364 | D:5      | Reached skill level 10 in Maces & Flails
  3988 | D:5      | Slain by a killer bee

Levels and vault maps discovered:
D:1:      eino_arrival_cavern_e, layout_loops_ring, serial_bayou_pond_c
D:2:      layout_loops_corners, grunt_temple_overflow_open, zin_statuary,
          first_ration, kennysheep_generic_room_6
D:3:      layout_basic, grunt_temple_overflow_cloverleaf, uniq_sigmund
D:4:      layout_rooms, elyvilon_altar_5, old_standard_altar,
          nicolae_gozag_seed_capital, grunt_dithmenos_shadows
D:5:      layout_cave_pods, minmay_temple_entry_hall, basic_altar

Skill      XL: |  1  2  3  4  5  6  7 |
---------------+----------------------+-----
Maces & Flails | 3 4 6 8 9 10 | 10.9
Fighting       | |  3.6
Armour         | |  3.6
Shields        | |  3.6

Action                   |  1- 3 |  4- 6 |  7- 9 || total
-------------------------+-------+-------+-------++-------
Melee: Flail             |    78 |   130 |   154 ||   362
       Headbutt          |     9 |    19 |    15 ||    43
       Morningstar       |       |       |    34 ||    34
Invok: Minor Destruction |       |       |     1 ||     1
  Use: Potion            |     2 |     1 |     4 ||     7
       Scroll            |     1 |     3 |     8 ||    12
  Eat: Chunk             |       |     5 |     5 ||    10
Armor: Scale mail        |    21 |    24 |     9 ||    54
       Plate armour      |       |       |   134 ||   134
Dodge: Dodged            |    13 |    19 |    22 ||    54
Block: Shield            |    34 |    41 |   103 ||   178
